3L
PHOENIX HOTSPUR @ KINGSTON TOWNSHIP LEGION
06/28/2023
 
TOP OF THE 1ST
Phoenix Hotspur batting - Pitching for Kingston Township Legion : RHP Greg White
Pitching: RHP Greg White
Batting: LHB Arthur Ryan 0-0: Ball
1-0: Ball
2-0: Called Strike
2-1: Ball
3-1: Base on Balls
Batting: LHB Dave Knight 0-0: Ball
1-0: Ground out 4-3 (Groundball, 4M)
Arthur Ryan to second
Batting: RHB Randy Rehling 0-0: Called Strike
0-1: Foul Ball, location: 2F
0-2: Ball
1-2: Ground out 5-3 (Groundball, 5L)
Batting: LHB Rubén López 0-0: Ball
1-0: Called Strike
1-1: Swinging Strike
1-2: Ball
2-2: Strikes out swinging
Top of the 1st over - 0 run(s), 0 hit(s), 0 error(s), 1 left on base; Phoenix 0 - Kingston Township 0
BOTTOM OF THE 1ST
Kingston Township Legion batting - Pitching for Phoenix Hotspur : RHP Cory Sanders
Pitching: RHP Cory Sanders
Batting: LHB Forrest McCooke 0-0: Ball
1-0: Ball
2-0: Ball
3-0: Base on Balls
Batting: LHB Gonzalo López 0-0: Ball
1-0: Called Strike
1-1: Ball
2-1: Ground out 4-3 (Groundball, 4M)
Forrest McCooke to second
Batting: RHB Layton Templeman 0-0: 2-RUN HOME RUN (Flyball, 89XD), Distance : 448 ft
Batting: LHB Clay Rush 0-0: Called Strike
0-1: Swinging Strike
0-2: SINGLE (Line Drive, 9S)
Batting: RHB Akihiko Oike 0-0: Foul Ball, location: 2F
0-1: Called Strike
0-2: Ball
1-2: Ball
2-2: Strikes out looking
Batting: RHB Nectanebos Dolenian 0-0: Called Strike
0-1: Ball
1-1: Ball
2-1: Fielders Choice at 2nd, U6 (Groundball, 6M)
Bottom of the 1st over - 2 run(s), 2 hit(s), 0 error(s), 1 left on base; Phoenix 0 - Kingston Township 2
TOP OF THE 2ND
Phoenix Hotspur batting - Pitching for Kingston Township Legion : RHP Greg White
Batting: RHB Raúl Robles 0-0: Ball
1-0: Ball
2-0: Foul Ball, location: 2F
2-1: Ball
3-1: Foul Ball, location: 2F
3-2: SINGLE (Line Drive, 7S)
Batting: RHB John Moore 0-0: Called Strike
0-1: Grounds into double play, 6-4-3 (Groundball, 6)
Batting: RHB António Padilla 0-0: Swinging Strike
0-1: Ball
1-1: Ball
2-1: Swinging Strike
2-2: SINGLE (Line Drive, 89S)
Batting: RHB Gabriel Pérez 0-0: Foul Ball, location: 2F
0-1: Ball
1-1: Foul Ball, location: 2F
1-2: Ball
2-2: Ball
3-2: Fly out, F6 (Popup, 6MS)
Top of the 2nd over - 0 run(s), 2 hit(s), 0 error(s), 1 left on base; Phoenix 0 - Kingston Township 2
BOTTOM OF THE 2ND
Kingston Township Legion batting - Pitching for Phoenix Hotspur : RHP Cory Sanders
Batting: RHB Pedro Mendoza 0-0: Ball
1-0: Foul Ball, location: 2F
1-1: Ground out 5-3 (Groundball, 5S)
Batting: RHB Jon Erickson 0-0: Swinging Strike
0-1: Swinging Strike
0-2: Ball
1-2: Fly out, F8 (Flyball, 8RM)
Batting: RHB Henry Mann 0-0: Called Strike
0-1: Ball
1-1: Ball
2-1: Ball
3-1: Base on Balls
Batting: LHB Forrest McCooke 0-0: Ball
1-0: Ball
2-0: Called Strike
2-1: Ball
3-1: Swinging Strike
3-2: Foul Ball, location: 2F
3-2: Base on Balls
Henry Mann to second
Batting: LHB Gonzalo López 0-0: Called Strike
0-1: Ball
1-1: Ball
2-1: Ball
3-1: Called Strike
3-2: Fly out, F7 (Flyball, 78XD)
Bottom of the 2nd over - 0 run(s), 0 hit(s), 0 error(s), 2 left on base; Phoenix 0 - Kingston Township 2
TOP OF THE 3RD
Phoenix Hotspur batting - Pitching for Kingston Township Legion : RHP Greg White
Batting: RHB Martín Martínez 0-0: Ball
1-0: Called Strike
1-1: Ground out 5-3 (Groundball, 15S)
Batting: LHB Arthur Ryan 0-0: Ball
1-0: Foul Ball, location: 2F
1-1: Called Strike
1-2: Ground out 1-3 (Groundball, 15S)
Batting: LHB Dave Knight 0-0: Ball
1-0: SINGLE (Line Drive, 4)
Batting: RHB Randy Rehling 0-0: Ball
1-0: Called Strike
1-1: Ball
Wild Pitch!
Dave Knight to second
2-1: Ball
3-1: Called Strike
3-2: Strikes out swinging
Top of the 3rd over - 0 run(s), 1 hit(s), 0 error(s), 1 left on base; Phoenix 0 - Kingston Township 2
BOTTOM OF THE 3RD
Kingston Township Legion batting - Pitching for Phoenix Hotspur : RHP Cory Sanders
Batting: RHB Layton Templeman 0-0: Foul Ball, location: 2F
0-1: Foul Ball, location: 2F
0-2: Strikes out swinging
Batting: LHB Clay Rush 0-0: Ball
1-0: Ball
2-0: Fly out, F2 (Popup, 2LF)
Batting: RHB Akihiko Oike 0-0: Called Strike
0-1: Ground out 5-3 (Groundball, 5S)
Bottom of the 3rd over - 0 run(s), 0 hit(s), 0 error(s), 0 left on base; Phoenix 0 - Kingston Township 2
TOP OF THE 4TH
Phoenix Hotspur batting - Pitching for Kingston Township Legion : RHP Greg White
Batting: LHB Rubén López 0-0: Ball
1-0: Foul Ball, location: 2F
1-1: Ball
2-1: Ball
3-1: Ground out 4-3 (Groundball, 4)
Batting: RHB Raúl Robles 0-0: Foul Ball, location: 2F
0-1: Foul Ball, location: 2F
0-2: Ball
1-2: Foul Ball, location: 2F
1-2: Strikes out swinging
Batting: RHB John Moore 0-0: Ball
1-0: Swinging Strike
1-1: Swinging Strike
1-2: Ball
2-2: Ball
3-2: Foul Ball, location: 2F
3-2: Strikes out looking
Top of the 4th over - 0 run(s), 0 hit(s), 0 error(s), 0 left on base; Phoenix 0 - Kingston Township 2
BOTTOM OF THE 4TH
Kingston Township Legion batting - Pitching for Phoenix Hotspur : RHP Cory Sanders
Batting: RHB Nectanebos Dolenian 0-0: Called Strike
0-1: Foul Ball, location: 2F
0-2: Strikes out looking
Batting: RHB Pedro Mendoza 0-0: Called Strike
0-1: Fly out, F7 (Flyball, 7S)
Batting: RHB Jon Erickson 0-0: Called Strike
0-1: Ball
1-1: Swinging Strike
1-2: Strikes out swinging
Bottom of the 4th over - 0 run(s), 0 hit(s), 0 error(s), 0 left on base; Phoenix 0 - Kingston Township 2
TOP OF THE 5TH
Phoenix Hotspur batting - Pitching for Kingston Township Legion : RHP Greg White
Batting: RHB António Padilla 0-0: Ball
1-0: Ball
2-0: SINGLE (Line Drive, 56D)
Batting: RHB Gabriel Pérez 0-0: Called Strike
0-1: Called Strike
0-2: Fly out, F7 (Flyball, 78S)
Batting: RHB Martín Martínez 0-0: Ball
1-0: Ball
2-0: SINGLE (Groundball, 56D) (infield hit)
António Padilla to second
Batting: LHB Arthur Ryan 0-0: Foul Ball, location: 2F
0-1: Fielders Choice at 2nd, 1-4 (Groundball, 13S)
António Padilla to third
Batting: LHB Dave Knight 0-0: Ball
1-0: Fly out, F8 (Popup, 4MD)
Top of the 5th over - 0 run(s), 2 hit(s), 0 error(s), 2 left on base; Phoenix 0 - Kingston Township 2
BOTTOM OF THE 5TH
Kingston Township Legion batting - Pitching for Phoenix Hotspur : RHP Cory Sanders
Batting: RHB Henry Mann 0-0: Called Strike
0-1: Foul Ball, location: 2F
0-2: Strikes out swinging, 2-3 out at first.
Batting: LHB Forrest McCooke 0-0: Ball
1-0: Ball
2-0: Foul Ball, location: 2F
2-1: Ball
3-1: Foul Ball, location: 2F
3-2: Strikes out swinging
Batting: LHB Gonzalo López 0-0: Ball
1-0: Ground out 4-3 (Groundball, 4)
Bottom of the 5th over - 0 run(s), 0 hit(s), 0 error(s), 0 left on base; Phoenix 0 - Kingston Township 2
TOP OF THE 6TH
Phoenix Hotspur batting - Pitching for Kingston Township Legion : RHP Greg White
Batting: RHB Randy Rehling 0-0: Swinging Strike
0-1: Swinging Strike
0-2: SOLO HOME RUN (Flyball, 7D), Distance : 405 ft
Batting: LHB Rubén López 0-0: Ball
1-0: Ball
2-0: Called Strike
2-1: Ball
3-1: Foul Ball, location: 2F
3-2: Strikes out swinging
Batting: RHB Raúl Robles 0-0: Swinging Strike
0-1: Foul Ball, location: 2F
0-2: Ball
1-2: Ball
2-2: Ball
3-2: Fly out, F9 (Flyball, 89S)
Batting: RHB John Moore 0-0: Called Strike
0-1: Foul Ball, location: 2F
0-2: Ball
1-2: Foul Ball, location: 2F
1-2: Strikes out swinging
Top of the 6th over - 1 run(s), 1 hit(s), 0 error(s), 0 left on base; Phoenix 1 - Kingston Township 2
BOTTOM OF THE 6TH
Kingston Township Legion batting - Pitching for Phoenix Hotspur : RHP Cory Sanders
Pitching: RHP Craig Gasnier
Batting: RHB Layton Templeman 0-0: Called Strike
0-1: Ball
1-1: Ball
2-1: Ball
3-1: Ground out 5-3 (Groundball, 5)
Batting: LHB Clay Rush 0-0: Ball
1-0: Swinging Strike
1-1: Swinging Strike
1-2: Ground out 4-3 (Groundball, 34S)
Batting: RHB Akihiko Oike 0-0: Ball
1-0: Fly out, F8 (Flyball, 8LD)
Bottom of the 6th over - 0 run(s), 0 hit(s), 0 error(s), 0 left on base; Phoenix 1 - Kingston Township 2
TOP OF THE 7TH
Phoenix Hotspur batting - Pitching for Kingston Township Legion : RHP Greg White
Batting: RHB António Padilla 0-0: Called Strike
0-1: Ball
1-1: Ball
2-1: Ground out 5-3 (Groundball, 56)
Batting: RHB Gabriel Pérez 0-0: Called Strike
0-1: Ball
1-1: Swinging Strike
1-2: Foul Ball, location: 2F
1-2: Fly out, F7 (Flyball, 7D)
Batting: RHB Martín Martínez 0-0: Called Strike
0-1: Ball
1-1: Called Strike
1-2: Strikes out looking
Top of the 7th over - 0 run(s), 0 hit(s), 0 error(s), 0 left on base; Phoenix 1 - Kingston Township 2
BOTTOM OF THE 7TH
Kingston Township Legion batting - Pitching for Phoenix Hotspur : RHP Craig Gasnier
Batting: RHB Nectanebos Dolenian 0-0: Swinging Strike
0-1: Ground out 6-3 (Groundball, 6)
Batting: RHB Pedro Mendoza 0-0: Ball
1-0: Called Strike
1-1: Fly out, F9 (Flyball, 9D)
Batting: RHB Jon Erickson 0-0: Ball
1-0: Ball
2-0: Called Strike
2-1: Fly out, F9 (Flyball, 9S)
Bottom of the 7th over - 0 run(s), 0 hit(s), 0 error(s), 0 left on base; Phoenix 1 - Kingston Township 2
TOP OF THE 8TH
Phoenix Hotspur batting - Pitching for Kingston Township Legion : RHP Greg White
Batting: LHB Arthur Ryan 0-0: Ball
1-0: Foul Ball, location: 2F
1-1: Ball
2-1: Ball
3-1: Foul Ball, location: 2F
3-2: Fly out, F4 (Line Drive, 4M)
Pitching: RHP Albert Días
Batting: LHB Dave Knight 0-0: Called Strike
0-1: Foul Ball, location: 2F
0-2: Foul Ball, location: 2F
0-2: Strikes out swinging
Batting: RHB Randy Rehling 0-0: Called Strike
0-1: Ball
1-1: Swinging Strike
1-2: Ball
2-2: Strikes out swinging
Top of the 8th over - 0 run(s), 0 hit(s), 0 error(s), 0 left on base; Phoenix 1 - Kingston Township 2
BOTTOM OF THE 8TH
Kingston Township Legion batting - Pitching for Phoenix Hotspur : RHP Craig Gasnier
Pitching: RHP Jesús Olvero
Batting: RHB Henry Mann 0-0: Ball
1-0: Called Strike
1-1: Ball
2-1: Swinging Strike
2-2: Strikes out swinging
Batting: LHB Forrest McCooke 0-0: Ground out 4-3 (Groundball, 4M)
Batting: LHB Gonzalo López 0-0: Called Strike
0-1: Swinging Strike
0-2: Foul Ball, location: 2F
0-2: Ball
1-2: Strikes out swinging
Bottom of the 8th over - 0 run(s), 0 hit(s), 0 error(s), 0 left on base; Phoenix 1 - Kingston Township 2
TOP OF THE 9TH
Phoenix Hotspur batting - Pitching for Kingston Township Legion : RHP Albert Días
Pitching: RHP Bruce Hamilton
Batting: LHB Rubén López 0-0: Called Strike
0-1: Called Strike
0-2: Ball
1-2: Foul Ball, location: 2F
1-2: Foul Ball, location: 2F
1-2: Foul Ball, location: 2F
1-2: Ball
2-2: Ball
3-2: Fly out, F8 (Flyball, 8RD)
Batting: RHB Raúl Robles 0-0: Swinging Strike
0-1: Called Strike
0-2: Ball
1-2: Strikes out swinging
Pinch Hitting: LHB Albert González 0-0: Foul Ball, location: 2F
0-1: Ball
1-1: Called Strike
1-2: Ball
2-2: Ground out 3-1 (Groundball, 3L)
Top of the 9th over - 0 run(s), 0 hit(s), 0 error(s), 0 left on base; Phoenix 1 - Kingston Township 2
This league is powered by Out of the Park Baseball, the baseball management simulation game for PC, Mac and Linux
Friday, July 8th, 2016 - OOTP Baseball 16.9 Build 39